 Dungeon Crawl Stone Soup version 0.30.0-5-g1a98f26d00 (webtiles) character file.

Game seed: 17304762740967523473

326 qeuew the Covered (level 6, -5/39 HPs)
             Began as a Gargoyle Fighter on May 9, 2023.
             Was an Initiate of Nemelex Xobeh.
             Slain by a worm (8 damage)
             ... on level 4 of the Dungeon.
             The game lasted 00:03:25 (2262 turns).

qeuew the Covered (Gargoyle Fighter)                Turns: 2262, Time: 00:03:28

Health: -5/39      AC:  7    Str: 19    XL:     6   Next: 49%
Magic:  6/6        EV:  9    Int:  9    God:    Nemelex Xobeh [......]
Gold:   115        SH:  4    Dex: 11    Spells: 5/5 levels left

rFire   . . .        a - +0 flail
rCold   . . .        c - +0 buckler
rNeg    + . .        b - +0 scale mail
rPois   ∞            (no helmet)
rElec   +            (no cloak)
rCorr   .            (no gloves)
SInv    .            (no boots)
Will    .....        (no amulet) Stlth
                     (no ring)
HPRegen 0.26/turn    (no ring)
MPRegen 0.10/turn

%: no passive effects
@: corroded
A: sickness immunity, AC +4, negative energy resistance 1, electricity
resistance, torment resistance 1, petrification resistance
a: Renounce Religion, Draw Escape, Draw Destruction, Draw Summoning


You were on level 4 of the Dungeon.
You worshipped Nemelex Xobeh.
Nemelex Xobeh was noncommittal.
You visited 2 branches of the dungeon, and saw 5 of its levels.

You collected 115 gold pieces.

Inventory:

Hand Weapons
 a - a +0 flail (weapon)
Armour
 b - a +0 scale mail (worn)
 c - a +0 buckler (worn)
Scrolls
 f - 5 scrolls of teleportation
 g - a scroll of fear
 i - a scroll of fog {unknown}
 j - a scroll of summoning
 k - a scroll of blinking
Potions
 d - a potion of might
 e - a potion of cancellation
 h - 2 potions of curing


   Skills:
 + Level 4.3 Fighting
 + Level 3.1 Maces & Flails
 * Level 5.1 Armour
 + Level 1.7 Dodging
 + Level 4.3 Shields
 * Level 0.7 Invocations


You had 5 spell levels left.
You didn't know any spells.
Your spell library was empty.

Dungeon Overview and Level Annotations

Branches:
Dungeon (4/15)             Temple (1/1) D:4

Altars:
Cheibriados
Dithmenos
Elyvilon
Fedhas
Gozag
Makhleb
Nemelex Xobeh
Qazlal
Ru
Sif Muna
Trog
Uskayaw
Vehumet
Wu Jian
Xom
Yredelemnul
Zin
The Shining One


Innate Abilities, Weirdness & Mutations

You are immune to sickness and miasma.
Your stone body is resilient. (AC +4)
You are immune to poison.
You resist negative energy. (rN+)
You are resistant to electric shocks. (rElec)
You are resistant to unholy torment.
You are immune to petrification.


Message History

The scorpion is heavily wounded.
The scorpion stings you but does no damage. x2
The worm barely misses you.
You barely miss the scorpion.
The scorpion is heavily wounded.
The scorpion closely misses you. The worm closely misses you.
You hit the scorpion but do no damage.
The scorpion is heavily wounded.
The scorpion barely misses you. The jelly barely misses you.
The scorpion closely misses you.
You hit the scorpion.
The scorpion is severely wounded.
The scorpion barely misses you. The jelly barely misses you.
The worm closely misses you.
The scorpion stings you but does no damage.
The jelly hits you but does no damage.
You hit the scorpion.
You kill the scorpion!
The worm closely misses you. The jelly hits you but does no damage.
You barely miss the jelly. You block the jelly's attack. The worm bites you.
You completely miss the jelly. The jelly hits you.
You are splashed with acid!
You are too injured to fight recklessly!
You are too injured to fight recklessly!
You are too injured to fight recklessly!
You are too injured to fight recklessly!
You are too injured to fight recklessly!
You are too injured to fight recklessly!
You are too injured to fight recklessly!
You are too injured to fight recklessly!
You are too injured to fight recklessly!
You are too injured to fight recklessly!
You are too injured to fight recklessly!
Unknown command.
You hit the jelly.
Your hands burn!
The jelly is moderately wounded.
The jelly hits you. The acid corrodes you!
You are splashed with acid!
* * * LOW HITPOINT WARNING * * *
The worm bites you!
You die...
Your body disappears without a glow.

..... #. ......###
...
...........###....
........#...#....
......#....#........
#...........[.....#
#....#.#...J...#..#8
##....#.###..@w......
#....##...###........
#.#..#...)....#......
#...##..>..##....###8
###.#........#....##
##.....###...##.#.##
...##....###.#....#
...........#.#..###
................##


You could see a worm and a jelly.

Vanquished Creatures
  A scorpion (D:4)
  An iguana (D:4)
  Natasha (thrice) (D:2)
  6 adders
  3 gnolls (D:2)
  A worm (D:3)
  4 dart slugs
  An orc (D:3)
  4 endoplasms
  8 giant cockroaches
  8 goblins
  3 hobgoblins
  4 jackals (D:4)
  A quokka (D:1)
  5 ball pythons
  8 bats
  4 frilled lizards
  8 kobolds
  8 rats
81 creatures vanquished.

Notes
Turn   | Place    | Note
-------+----------+-------------------------------------------
     0 | D:1      | qeuew the Gargoyle Fighter began the quest for the Orb.
     0 | D:1      | Reached XP level 1. HP: 14/14 MP: 1/1
    47 | D:1      | Reached XP level 2. HP: 18/19 MP: 2/2
   582 | D:1      | Reached XP level 3. HP: 23/23 MP: 3/3
   855 | D:2      | Found a bloodstained altar of Trog.
   926 | D:2      | Noticed Natasha
   936 | D:2      | Killed Natasha
   937 | D:2      | Reached skill level 4 in Armour
   937 | D:2      | Reached XP level 4. HP: 20/29 MP: 4/4
  1069 | D:2      | Noticed Natasha
  1075 | D:2      | Killed Natasha
  1076 | D:2      | Reached skill level 1 in Dodging
  1172 | D:2      | Noticed Natasha
  1187 | D:2      | Killed Natasha
  1188 | D:2      | Reached XP level 5. HP: 18/33 MP: 5/5
  1688 | D:3      | Reached XP level 6. HP: 38/38 MP: 6/6
  2055 | D:4      | Reached skill level 5 in Armour
  2152 | D:4      | Found the +5 Force Lance {heavy, knockback}
  2153 | D:4      | Found a staircase to the Ecumenical Temple.
  2165 | Temple   | Entered the Ecumenical Temple
  2215 | Temple   | Became a worshipper of Nemelex Xobeh the Trickster
  2262 | D:4      | Slain by a worm

Illustrated notes

Levels and vault maps discovered:
D:1:      co_arrival_two_rings, layout_basic, minmay_surrounded
D:2:      layout_basic, basic_altar, uniq_natasha
D:3:      minmay_spotlight, layout_rooms, minmay_misc_feat_plants
D:4:      layout_rooms, minmay_temple_entry_slanted, serial_corexii_hall,
          corexii_hall_statues_t, corexii_hall_statues_s
Temple:   nicolae_temple_bog_church

Skill      XL: |  1  2  3  4  5  6 |
---------------+-------------------+-----
Armour         | 4 5 |  5.1
Dodging        | 1 |  1.7
Fighting       | 4 |  4.3
Shields        | 4 |  4.3
Maces & Flails | 3 |  3.1
Invocations    | |  0.7

Action                     |  1- 3 |  4- 6 || total
---------------------------+-------+-------++-------
  Melee: Flail             |   105 |   186 ||   291
    Use: Scroll            |     4 |     5 ||     9
         Potion            |     2 |     1 ||     3
 Armour: Scale mail        |    80 |   137 ||   217
  Dodge: Dodged            |    67 |   131 ||   198
  Block: Buckler           |    22 |    63 ||    85
